 Dungeon Crawl Stone Soup version 0.29.1-13-g9f3cf754e1 (webtiles) character file.

Game seed: 7390157316853032276

82 shadowmeld the Insei (level 4, 0/35 HPs)
             Began as a Djinni Monk on Jan 29, 2023.
             Slain by a gnoll
             ... wielding a +0 club
              (4 damage)
             ... on level 2 of the Dungeon.
             The game lasted 00:11:34 (2874 turns).

shadowmeld the Insei (Djinni Monk)                  Turns: 2874, Time: 00:11:35

Health: 0/35       AC:  8    Str: 12    XL:     4   Next: 70%
Gold:   95         EV: 10    Int: 12    God:
                   SH:  0    Dex: 15

rFire   + + +      SeeInvis .     - Unarmed
rCold   x . .      Faith    .   (no shield)
rNeg    . . .      Spirit   .   d - +0 scale mail
rPois   ∞          Reflect  .   r - +0 helmet
rElec   .          Harm     .   i - +0 cloak
rCorr   .          Rampage  .   (no gloves)
Will    .....                   (boots unavailable)
Stlth   +.........              (no amulet)
HPRegen 0.11/turn               h - ring of protection from fire
MPRegen 0.00/turn               (no ring)

@: flying
A: sickness immunity, fire resistance 2, cold vulnerability 1, float, innate
caster, HP casting, extra vitality 1
a: no special abilities


You were on level 2 of the Dungeon.
You visited 1 branch of the dungeon, and saw 3 of its levels.

You collected 95 gold pieces.

Inventory:

Hand Weapons
 k - a +3 dagger of venom
 n - a +0 dagger
Missiles
 q - 6 curare-tipped darts (quivered)
Armour
 d - a +0 scale mail (worn)
 i - a +0 cloak (worn)
 r - a +0 helmet (worn)
Jewellery
 h - a ring of protection from fire (left hand)
Scrolls
 c - a scroll of teleportation {unknown}
 f - a scroll of immolation {unknown}
 g - 3 scrolls of butterflies
 j - a scroll of poison {unknown}
 o - 2 scrolls of vulnerability
 p - a scroll of acquirement {unknown}
Potions
 a - 2 potions of curing
 b - a potion of ambrosia
 e - 3 potions of attraction
 m - a potion of brilliance {unknown}


   Skills:
 * Level 3.4 Fighting
 * Level 1.1 Armour
 * Level 3.7 Dodging
 - Level 1.7 Stealth
 * Level 4.0 Unarmed Combat
 * Level 0.4 Spellcasting


You had 2 spell levels left.
You knew the following spells:

 Your Spells              Type           Power      Damage    Failure   Level
a - Apportation           Tloc           2%         N/A       82%         1
Your spell library was empty.

Dungeon Overview and Level Annotations

Branches:
Dungeon (3/15)

Altars:

Annotations:
D:3 Robin


Innate Abilities, Weirdness & Mutations

You are immune to sickness and miasma.
You are immune to poison.
Your flesh is very heat resistant. (rF++)
You are vulnerable to cold. (rC-)
You float through the air rather than walking.
You learn spells naturally, not from books.
Your magical power is your life essence.
You have superior vitality. (+4 MHP)


Message History

The gnoll barely misses you.
You hit the gnoll.
The gnoll is lightly wounded.
The gnoll hits you with a +0 club. x2
You closely miss the gnoll.
The gnoll is lightly wounded.
The gnoll hits you from afar with a +0 halberd!
The gnoll hits you with a +0 club. The gnoll closely misses you.
You punch the gnoll!
The gnoll is severely wounded.
The gnoll closely misses you. The gnoll hits you but does no damage.
The gnoll barely misses you.
You punch the gnoll!
You kill the gnoll!
The gnoll barely misses you. The gnoll hits you but does no damage.
Your Unarmed Combat skill increases to level 4!
You closely miss the gnoll.
The gnoll hits you from afar with a +0 halberd.
The gnoll hits you with a +0 club.
You hit the gnoll.
The gnoll is lightly wounded.
The gnoll misses you.
A goblin comes into view. It is wielding a +0 club.
The gnoll hits you with a +0 club.
The goblin shouts!
You hit the gnoll but do no damage.
The gnoll is lightly wounded.
The gnoll hits you but does no damage. The gnoll hits you with a +0 club.
* * * LOW HITPOINT WARNING * * *
The gnoll barely misses you. The gnoll closely misses you.
You fly upwards.
There is a stone staircase leading down here.
You closely miss the gnoll.
The gnoll is lightly wounded.
The gnoll hits you with a +0 club.
* * * LOW HITPOINT WARNING * * *
You completely miss the gnoll.
The gnoll is lightly wounded.
The gnoll hits you with a +0 club.
You die...

.######.#....# #.#.............
........#....#####.#.<...........
.....####........#.#.............
..##.....#######.#.#.............
..##.#...#.....#.#.#.............
..##.###.........#.#...).........
####.# #.#.##.#..#.#####'########
# #.# #.#.##.#..g.# #........#
####.# #.#.##.#.@### ########.#
...#.# #.#.##.#################.#
#.##.###.#.##...................#
#.##.....#.######################
#.....####.# #................
#####.# #.# #.###############
......# #.######.# #######
#........# # ##########


You could see a gnoll.

Vanquished Creatures
  A gnoll (D:3)
  An adder (D:2)
  2 worms (D:2)
  A dart slug (D:1)
  8 endoplasms
  10 goblins
  4 hobgoblins
  3 jackals (D:1)
  A quokka (D:2)
  2 ball pythons
  5 bats
  4 frilled lizards (D:2)
  6 kobolds
  6 rats
54 creatures vanquished.

Notes
Turn   | Place    | Note
-------+----------+-------------------------------------------
     0 | D:1      | shadowmeld the Djinni Monk began the quest for the Orb.
     0 | D:1      | Reached XP level 1. HP: 20/20 MP: 0/0
    96 | D:1      | Reached XP level 2. HP: 23/25 MP: 0/0
   628 | D:1      | Reached XP level 3. HP: 5/30 MP: 0/0
   628 | D:1      | Learned a level 1 spell: Apportation
  2055 | D:2      | Reached XP level 4. HP: 35/35 MP: 0/0
  2356 | D:2      | Found a faded altar of an unknown god.
  2819 | D:3      | Noticed Robin
  2827 | D:2      | Reached skill level 1 in Armour
  2868 | D:3      | Reached skill level 4 in Unarmed Combat
  2874 | D:2      | Slain by a gnoll

Illustrated notes

Levels and vault maps discovered:
D:1:      saegor_arrival_simple_e, layout_basic
D:2:      minmay_angry_zag, layout_basic,
          chequers_ecumenical_altar_simple_redux, minmay_tripent
D:3:      layout_basic, mainiacjoe_overflow_brackets,
          nicolae_overflow_hidden_temple, uniq_robin

Skill      XL: |  1  2  3  4 |
---------------+-------------+-----
Armour         | 1 |  1.1
Unarmed Combat | 4 |  4.0
Fighting       | |  3.4
Dodging        | |  3.7
Stealth        | |  1.7
Spellcasting   | |  0.4

Action                   |  1- 3 |  4- 6 || total
-------------------------+-------+-------++-------
Melee: Unarmed           |   157 |    56 ||   213
       Punch             |     6 |       ||     6
  Use: Scroll            |       |     4 ||     4
 Stab: Sleeping          |     3 |       ||     3
Armor: Robe              |     8 |       ||     8
       Scale mail        |    33 |    41 ||    74
Dodge: Dodged            |    70 |    41 ||   111
